 Dungeon Crawl Stone Soup version 0.27-a0-412-g8dd771eca2 (webtiles) character file.

Game seed: 14703204676514408609

61419 rednaxela the Nimble (level 14, -1/59 HPs)
             Began as a Spriggan Enchanter on Feb 23, 2021.
             Was an Initiate of Gozag.
             Drowned by a drowned soul (16 damage)
             ... summoned by a merfolk avatar
             ... on level 6 of the Lair of Beasts.
             The game lasted 01:49:09 (29665 turns).

rednaxela the Nimble (Spriggan Enchanter)          Turns: 29665, Time: 01:49:09

Health: -1/59      AC: 15    Str:  7    XL:     14   Next: 60%
Magic:  21/30      EV: 34    Int: 20    God:    Gozag
Gold:   2898       SH:  8    Dex: 16    Spells: 14/36 levels left

rFire    . . .     SeeInvis +   a - +5 rapier of Vusaom {venom, Int+2}
rCold    . . .     Faith    .   j - +0 buckler {AC+3}
rNeg     . . .     Spirit   .   I - +3 acid dragon scales
rPois    .         Reflect  .   (helmet restricted)
rElec    .         Harm     .   P - +2 cloak
rCorr    +         Rampage  .   (gloves unavailable)
Will     +++..                  (boots unavailable)
Stlth    ++++......             (no amulet)
HPRegen  0.19/turn              A - ring of willpower
MPRegen  0.22/turn              C - ring of the Hare {EV+8, =R}

@: gold aura, flying, very quick
A: very small, unfitting armour, see invisible, speed 3
a: Renounce Religion, Potion Petition, Call Merchant, Bribe Branch


You were on level 6 of the Lair of Beasts.
You worshipped Gozag.
Gozag was most pleased with you.
You visited 3 branches of the dungeon, and saw 20 of its levels.

You collected 5362 gold pieces.
You spent 1031 gold pieces at shops.
You paid 1433 gold pieces to Gozag.

Inventory:

Hand Weapons
 a - the +5 rapier of Vusaom (weapon) {venom, Int+2}
   (You bought it in a shop on level 8 of the Dungeon)

   It poisons the flesh of those it strikes.
   It affects your intelligence (+2).
 w - a -3 spectral quick blade
   (You bought it in a shop on level 4 of the Dungeon)
Missiles
 g - 5 throwing nets {!f}
 F - 4 curare-tipped darts (quivered)
Armour
 j - a +0 buckler of protection (worn)
   (You acquired it on level 9 of the Dungeon)
 I - +3 acid dragon scales (worn)
   (You took it off Maggie on level 6 of the Dungeon)
 P - a +2 cloak (worn)
   (You took it off Maurice on level 12 of the Dungeon)
Jewellery
 c - a +6 ring of intelligence
   (You found it on level 6 of the Lair of Beasts)
 o - a ring of wizardry
   (You found it on level 1 of the Dungeon)
 s - a +4 ring of slaying
   (You found it on level 2 of the Dungeon)
 t - a ring of protection from cold
   (You found it on level 2 of the Dungeon)
 u - a +4 ring of protection
   (You found it on level 3 of the Dungeon)
 A - a ring of willpower (left hand)
   (You found it on level 7 of the Dungeon)
 C - the ring of the Hare (right hand) {EV+8, =R}
   (You acquired it on level 1 of the Lair of Beasts)

   [ring of evasion]

   It affects your evasion (+8).
Wands
 m - a wand of acid (21) {@v1}
   (You found it on level 4 of the Dungeon)
 z - a wand of polymorph (19)
   (You found it on level 5 of the Dungeon)
 H - a wand of iceblast (20) {@v2}
   (You took it off Maggie on level 6 of the Dungeon)
 O - a wand of paralysis (7)
   (You took it off Maurice on level 12 of the Dungeon)
Scrolls
 b - a scroll of blinking {@r4}
 d - 5 scrolls of immolation
 e - 4 scrolls of teleportation {@r3 !r}
 h - 4 scrolls of fog {!r}
 y - 3 scrolls of enchant weapon
 E - 3 scrolls of magic mapping {@r5 !r}
Potions
 f - 2 potions of flight
 k - 2 potions of haste {@q4 !q}
 n - 4 potions of cancellation {!q}
 q - 2 potions of invisibility {!q}
 r - 6 potions of ambrosia {!q}
 v - 7 potions of heal wounds {@q2 !q}
 x - 5 potions of lignification {@q5}
 L - 3 potions of might {@q3 !q}
 M - 4 potions of brilliance
 N - 5 potions of curing {@q1 !q}
 Q - 2 potions of resistance
Miscellaneous
 D - a condenser vane (inert)
   (You found it on level 1 of the Lair of Beasts)


   Skills:
 - Level 14.0 Short Blades
 + Level 14.6 Dodging
 - Level 10.0 Stealth
 - Level 7.2 Shields
 - Level 11.5 Spellcasting
 - Level 11.8 Hexes
 - Level 13.0 Translocations


You had 14 spell levels left.
You knew the following spells:

 Your Spells              Type           Power        Failure   Level
a - Manifold Assault      Tloc           59%          1%          4
b - Ensorcelled Hibernat  Hex/Ice        70%          1%          2
c - Confusing Touch       Hex            56%          1%          3
d - Tukima's Dance        Hex            56%          1%          3
e - Teleport Other        Tloc           59%          1%          3
f - Lesser Beckoning      Tloc           29%          1%          3
s - Swiftness             Air            11%          17%         2
t - Blink                 Tloc           N/A          1%          2

Your spell library contained the following spells:

 Spells                   Type           Power        Failure   Level
 Corona                   Hex            62%          1%          1
 Gell's Gravitas          Tloc           29%          1%          3
 Dazzling Flash           Conj/Hex       70%          3%          3
 Shock                    Conj/Air       44%          12%         1
 Metabolic Englaciation   Hex/Ice        17%          28%         5
 Yara's Violent Unravell  Hex/Tmut       17%          28%         5
 Static Discharge         Conj/Air       11%          34%         3
 Airstrike                Air            5%           75%         4
 Petrify                  Tmut/Erth      11%          75%         4
 Irradiate                Conj/Tmut      5%           97%         5
 Lightning Bolt           Conj/Air       5%           97%         5
 Hydra Form               Tmut           5%           100%        6
 Statue Form              Tmut/Erth      7%           100%        6
 Dragon Form              Tmut           5%           100%        7


Dungeon Overview and Level Annotations

Branches:
Dungeon (13/15)            Temple (1/1) D:7            Lair (6/6) D:10
  Swamp (0/4) Lair:4       Spider (0/4) Lair:2        Slime (0/5) Lair:6
    Orc (0/2) D:12
 Vaults: D:13-14

Altars:
Ashenzari
Cheibriados
Dithmenos
Elyvilon
Fedhas
Gozag
Hepliaklqana
Kikubaaqudgha
Makhleb
Nemelex Xobeh
Okawaru
Qazlal
Ru
Sif Muna
Trog
Uskayaw
Vehumet
Wu Jian
Xom
Yredelemnul
Zin
The Shining One
Jiyva

Shops:
D:4 *   D:5 :   D:8 (   D:12 *   Lair:2 =

Annotations:
D:8 3 runed translucent doors, quoriil's ghost, novice BaWn
Lair:4 3 runed translucent doors, exclusion: 2 jellies


Innate Abilities, Weirdness & Mutations

You are very small and have problems with some larger weapons.
You are too small for most types of armour.
You have supernaturally acute eyesight. (SInv)
You cover ground extremely quickly.


Message History

(? for menu, Esc to cancel) < or
u - a +4 ring of protection; > or
A - a ring of willpower You remove your ring of willpower.
C - the ring of the Hare (right hand) {EV+8, =R} You remove your +4 ring of protection.
A - a ring of willpower (left hand)
A merfolk avatar is nearby!
Casting: Confusing Touch (safe; 1% risk of failure)
Confirm with . or Enter, or press ? or * to list all spells.
Your hands begin to glow red.
The merfolk avatar shouts!
Casting: Confusing Touch (safe; 1% risk of failure)
Confirm with . or Enter, or press ? or * to list all spells.
Space momentarily warps into an impossible shape!
You hit the merfolk avatar but do no damage.
Casting: Manifold Assault (dangerous; 1% risk of failure)
Confirm with . or Enter, or press ? or * to list all spells.
Space momentarily warps into an impossible shape!
You hit the merfolk avatar but do no damage.
A polar bear comes into view.
The merfolk avatar chants a haunting song.
You resist with almost no effort.
The polar bear growls angrily.
Shadowy forms rise from the deep at the merfolk avatar's song!
The merfolk avatar becomes distracted by the nearby gold, dreaming of imaginary riches.
You enter the shallow water.
Moving in this stuff is going to be slow.
Your unstable footing causes you to fumble your attack.
You hit the merfolk avatar but do no damage.
The merfolk avatar is no longer distracted by gold.
The merfolk avatar chants a haunting song.
You resist with almost no effort. The polar bear misses you. x2
The polar bear claws you but does no damage.
The merfolk avatar chants a haunting song.
You resist with almost no effort.
You hit the merfolk avatar but do no damage.
The polar bear misses you. The polar bear completely misses you.
The polar bear closely misses you.
You barely miss the merfolk avatar.
The merfolk avatar chants a haunting song.
You resist with some effort.
You hit the merfolk avatar but do no damage.
The polar bear becomes distracted by your gold, dreaming of imaginary riches.
You hit the merfolk avatar but do no damage.
The polar bear is no longer distracted by gold.
You enter the shallow water.
Moving in this stuff is going to be slow.
The drowned soul touches you. The drowned soul drowns you!
The merfolk avatar chants a haunting song.
You resist with almost no effort.
Clouds of poison gas condense around you!
The condenser dries out!
The polar bear is engulfed in poison gas.
The polar bear is poisoned.
The merfolk avatar is engulfed in poison gas.
The merfolk avatar is poisoned.
Aiming: Corrosive Bolt
Press: ? - help, Shift-Dir - straight line, f - drowned soul
Aim: a drowned soul (poison gas, summoned, chance to confuse on hit: 41%, 40% to evade)
Okay, then.
You hit the polar bear but do no damage.
The polar bear appears confused.
The polar bear is lightly wounded.
The drowned soul touches you. The drowned soul drowns you!
* * * LOW HITPOINT WARNING * * *
The merfolk avatar is engulfed in poison gas.
The merfolk avatar looks even sicker.
The merfolk avatar chants a haunting song.
You resist with some effort.
The polar bear is engulfed in poison gas.
The polar bear looks even sicker.
Casting: Manifold Assault (dangerous; 1% risk of failure)
Confirm with . or Enter, or press ? or * to list all spells.
You blink.
Splash!
The drowned soul returns to the deep!
The polar bear is engulfed in poison gas.
The polar bear looks even sicker.
You feel very buoyant.
You fly up into the air.
The merfolk avatar is engulfed in poison gas.
The merfolk avatar looks as sick as possible!
The merfolk avatar chants a haunting song.
You resist with almost no effort.
The polar bear is engulfed in poison gas.
The polar bear looks as sick as possible!
There are monsters nearby!
The drowned soul touches you. The drowned soul drowns you!
* * * LOW HITPOINT WARNING * * *
You puncture the drowned soul!
The drowned soul is severely damaged.
The merfolk avatar is engulfed in poison gas.
The merfolk avatar looks as sick as possible!
You hit the drowned soul.
The drowned soul is almost destroyed.
The drowned soul touches you.
* * * LOW HITPOINT WARNING * * *
The drowned soul drowns you!
You die...
Your body crumbles into a pile of gold.

≈. ≈≈≈≈ ≈≈≈≈
##≈≈≈≈#≈≈≈#≈≈≈#≈≈≈≈ ≈≈≈≈
.≈≈≈#≈≈≈≈≈≈≈≈ ≈≈≈#
≈≈≈≈≈≈≈)(?!≈≈≈#≈≈≈#≈#
≈≈≈≈≈≈§§≈:≈≈≈#≈≈≈≈≈≈
8≈≈≈≈≈§§≈[≈≈≈#≈≈≈≈≈≈
≈≈≈≈≈§m("≈≈≈#≈≈≈#≈#
#≈≈≈§≈≈≈≈≈≈#≈≈≈≈≈#
#@≈≈#≈#≈≈≈≈#≈≈≈≈≈≈ ..H≈
#≈≈≈§#≈≈≈≈≈#≈≈≈≈≈≈ #..##
#.≈≈≈§≈§h≈8#.≈≈.≈#
...#≈.#######.§§#########≈.
..≈≈≈≈≈≈≈≈≈≈≈≈§§§≈≈≈≈≈≈≈≈≈≈
##≈≈≈≈≈≈≈≈≈≈≈≈≈≈§§≈≈≈≈≈≈≈≈≈P
#≈≈##≈P..≈≈##≈≈.#≈≈##≈≈##≈≈.
##≈≈##≈≈##≈≈.#≈≈.#≈≈.#≈≈##≈≈#
#≈≈≈≈≈≈..≈.≈≈≈≈≈..≈.≈..≈≈≈≈≈≈


You could see a merfolk avatar (extremely poisoned) and a polar bear (confused,
extremely poisoned).

Vanquished Creatures
  A boulder beetle (Lair:3)
  6 hydras
  A catoblepas (Lair:5)
  2 two-headed ogres
  A death knight (D:12)
  5 death yaks
  A sea snake (Lair:6)
  An unseen horror (D:11)
  An orc knight (D:8)
  A harpy (Lair:6)
  A lindwurm (Lair:5)
  4 ugly things
  6 manticores
  18 elephants
  5 black mambas
  Maurice (D:12)
  Joseph (D:9)
  8 cane toads
  11 komodo dragons
  8 rime drakes
  4 polar bears
  3 trolls
  3 jumping spiders (Lair:2)
  A wind drake (shapeshifter) (D:12)
  A queen bee (Lair:2)
  5 hornets
  21 blink frogs
  4 dream sheep (Lair:5)
  A redback (shapeshifter) (D:8)
  A wraith (D:11)
  5 wyverns
  A redback (Lair:2)
  33 yaks
  3 basilisks
  4 vampire mosquitoes (Lair:4)
  A swamp worm (Lair:3)
  Menkaure (D:6)
  2 hell hounds (Lair:5)
  4 wargs
  14 water moccasins
  An orc warrior (D:12)
  2 sky beasts
  A black bear (D:12)
  An eye of draining (D:11)
  4 ice beasts
  2 necrophages
  8 ogres
  31 wolves
  9 centaurs
  2 phantoms
  A kobold brigand (D:8)
  22 bullfrogs
  4 scorpions
  28 killer bees
  4 electric eels
  7 wights
  2 howler monkeys
  4 centaur zombies
  A quasit (D:8)
  9 jellies
  4 orc priests
  3 bullfrog skeletons
  13 hounds
  3 centaur skeletons
  5 worker ants
  4 orc wizards
  A hound skeleton (D:11)
  A hound zombie (D:8)
  A howler monkey skeleton (D:6)
  4 gnolls (D:11)
  14 adders
  2 shadow imps
  2 white imps
  2 ufetubi
  2 oozes (D:2)
  An adder skeleton (D:8)
  4 worms
  5 leopard geckos
  33 orcs
  12 bats
  4 giant cockroaches
  9 hobgoblins
  15 jackals
  3 quokkas
  3 frilled lizards
  12 goblins
  A jackal skeleton (D:4)
  12 kobolds
  A quokka skeleton (D:6)
  13 rats
527 creatures vanquished.

Vanquished Creatures (collateral kills)
  Fannar (Lair:2)
  Harold (D:10)
  2 two-headed ogres
  Maggie (D:6)
  An orc warrior (D:6)
  4 ogres
  A gnoll sergeant (D:8)
  A bullfrog (Lair:2)
  4 wights
  A howler monkey (D:8)
  A howler monkey skeleton (D:8)
  A shadow imp (D:7)
  An orc (D:5)
  2 goblins (D:5)
  A jackal (D:6)
23 creatures vanquished.

Vanquished Creatures (others)
  5 dancing weapons
  A sky beast (D:8)
  A bush (D:6)
  33 fungi
  129 plants
169 creatures vanquished.

Grand Total: 719 creatures vanquished

Notes
Turn   | Place    | Note
-------+----------+-------------------------------------------
     0 | D:1      | rednaxela the Spriggan Enchanter began the quest for the
                  | Orb.
     0 | D:1      | Reached XP level 1. HP: 9/9 MP: 5/5
   157 | D:1      | Reached skill level 3 in Spellcasting
   331 | D:1      | Reached skill level 4 in Hexes
   430 | D:2      | Reached XP level 2. HP: 9/13 MP: 7/7
   646 | D:2      | Learned a level 2 spell: Ensorcelled Hibernation
  1065 | D:1      | Reached XP level 3. HP: 16/16 MP: 9/9
  1561 | D:2      | Reached skill level 4 in Spellcasting
  1776 | D:2      | Learned a level 3 spell: Confusing Touch
  1780 | D:2      | Learned a level 3 spell: Tukima's Dance
  1985 | D:2      | Reached skill level 5 in Hexes
  1985 | D:2      | Reached XP level 4. HP: 19/21 MP: 3/11
  3004 | D:3      | Found a sparkling altar of Nemelex Xobeh.
  3051 | D:3      | Reached skill level 5 in Spellcasting
  3051 | D:3      | Reached XP level 5. HP: 24/24 MP: 9/13
  3687 | D:3      | Reached skill level 6 in Hexes
  4172 | D:4      | Found Tonepp's Lightly-Used Armoury.
  4181 | D:4      | Bought a -3 quick blade for 1 gold piece
  4258 | D:4      | Reached XP level 6. HP: 28/28 MP: 15/15
  4265 | D:4      | Found a bloodstained altar of Trog.
  5020 | D:4      | Reached skill level 6 in Spellcasting
  5383 | D:5      | Entered Level 5 of the Dungeon
  5439 | D:5      | Reached skill level 7 in Hexes
  5485 | D:5      | Found Abeteseh's Book Shoppe.
  5530 | D:5      | You fall into a shaft and drop 2 floors!
  5540 | D:7      | Found a staircase to the Ecumenical Temple.
  5549 | D:6      | Noticed Menkaure
  5588 | D:7      | Reached XP level 7. HP: 28/32 MP: 18/18
  5595 | D:7      | Reached skill level 7 in Spellcasting
  5733 | Temple   | Entered the Ecumenical Temple
  5893 | Temple   | Became a worshipper of Gozag Ym Sagoz the Greedy
  5927 | D:7      | You fall into a shaft and drop 1 floor!
  5958 | D:8      | Found a blossoming altar of Fedhas.
  6424 | D:7      | Reached skill level 8 in Hexes
  6642 | D:7      | Reached skill level 8 in Spellcasting
  7127 | D:7      | Reached XP level 8. HP: 36/36 MP: 21/21
  7415 | D:7      | Reached skill level 9 in Hexes
  7735 | D:5      | Reached skill level 9 in Spellcasting
  8235 | D:5      | Found an iron altar of Okawaru.
  8496 | D:5      | Reached skill level 10 in Hexes
  8765 | D:6      | Killed Menkaure
  8766 | D:6      | Reached skill level 10 in Spellcasting
  8894 | D:6      | Noticed Maggie
  9042 | D:6      | Killed Maggie
  9043 | D:6      | Reached XP level 9. HP: 8/39 MP: 19/24
 10036 | D:8      | Noticed a two-headed ogre
 10044 | D:8      | Killed a two-headed ogre
 10045 | D:8      | Reached skill level 11 in Hexes
 10172 | D:8      | Found a snail-covered altar of Cheibriados.
 10189 | D:8      | Reached skill level 11 in Spellcasting
 10272 | D:8      | Found a runed translucent gate.
 10273 | D:8      | Found a runed translucent gate.
 10273 | D:8      | Found a runed translucent gate.
 10275 | D:8      | Noticed quoriil's ghost (novice BaWn)
 10453 | D:8      | Bought an encrusted rapier for 243 gold pieces
 10453 | D:8      | Identified the +5 rapier of Vusaom {venom, Int+2} (You
                  | bought it in a shop on level 8 of the Dungeon)
 10506 | D:8      | Identified a scroll of acquirement
 10526 | D:9      | Reached skill level 2 in Short Blades
 10528 | D:9      | Acquired a +0 buckler of protection
 10834 | D:8      | Reached skill level 1 in Shields
 10888 | D:8      | Noticed a komodo dragon
 10889 | D:8      | Noticed an orc knight
 10903 | D:8      | a komodo dragon changed into a redback
 10909 | D:8      | Reached skill level 3 in Short Blades
 10949 | D:8      | Killed an orc knight
 10950 | D:8      | Reached skill level 4 in Short Blades
 10950 | D:8      | Reached skill level 2 in Shields
 10950 | D:8      | Reached XP level 10. HP: 25/44 MP: 10/26
 11718 | D:9      | Noticed Joseph
 11730 | D:9      | Killed Joseph
 11731 | D:9      | Reached skill level 5 in Short Blades
 11731 | D:9      | Reached skill level 3 in Shields
 11998 | D:10     | Entered Level 10 of the Dungeon
 12120 | D:10     | Found a staircase to the Lair.
 12207 | D:10     | Reached skill level 6 in Short Blades
 12249 | D:10     | Noticed a two-headed ogre
 12259 | D:10     | Killed a two-headed ogre
 12260 | D:10     | Reached skill level 4 in Shields
 12797 | D:10     | Noticed Harold
 12813 | D:10     | Killed Harold
 12814 | D:10     | Reached skill level 7 in Short Blades
 13138 | D:10     | Reached skill level 5 in Shields
 13296 | D:11     | Noticed an unseen horror
 13359 | D:11     | Killed an unseen horror
 13360 | D:11     | Reached skill level 8 in Short Blades
 13360 | D:11     | Reached XP level 11. HP: 36/47 MP: 22/27
 13801 | D:11     | Noticed a two-headed ogre
 13816 | D:11     | Killed a two-headed ogre
 14244 | D:11     | Reached skill level 9 in Short Blades
 14244 | D:11     | Reached skill level 6 in Shields
 14355 | D:11     | Noticed a green ugly thing
 14418 | D:11     | Killed a green ugly thing
 14837 | D:11     | Noticed a red ugly thing
 15049 | D:11     | Killed a red ugly thing
 15137 | D:12     | Found a staircase to the Orcish Mines.
 15164 | D:12     | Noticed a purple ugly thing
 15187 | D:11     | Killed a purple ugly thing
 15583 | D:12     | Noticed a cyan ugly thing
 15591 | D:12     | Killed a cyan ugly thing
 15592 | D:12     | Reached skill level 10 in Short Blades
 15715 | Lair:1   | Entered Level 1 of the Lair of Beasts
 15811 | Lair:1   | Reached skill level 7 in Shields
 16363 | Lair:1   | Acquired the ring of the Hare {EV+8}
 16364 | Lair:1   | Found the ring of the Hare {EV+8}
 16744 | Lair:2   | Reached skill level 11 in Short Blades
 16892 | Lair:2   | Noticed Fannar
 16918 | Lair:2   | Killed Fannar
 17001 | Lair:2   | Reached XP level 12. HP: 28/51 MP: 22/28
 17147 | Lair:2   | Found the +27 Lear's hauberk
 17213 | Lair:2   | Reached skill level 12 in Short Blades
 18127 | Lair:2   | Reached skill level 13 in Short Blades
 18380 | Lair:2   | Found a hole to the Spider Nest.
 19076 | D:5      | Bought a book of Spatial Translocations for 715 gold pieces
 19079 | D:5      | Learned a level 2 spell: Blink
 19083 | D:5      | Learned a level 3 spell: Lesser Beckoning
 19087 | D:5      | Learned a level 3 spell: Teleport Other
 19092 | D:5      | Learned a level 4 spell: Manifold Assault
 19298 | D:12     | Noticed a death knight
 19495 | D:12     | Found Reuweulu's General Store.
 19501 | D:12     | Bought a scroll of identify for 36 gold pieces
 19501 | D:12     | Bought a scroll of identify for 36 gold pieces
 19552 | D:12     | Noticed a two-headed ogre
 19650 | D:12     | Killed a two-headed ogre
 19823 | D:12     | Killed a death knight
 19824 | D:12     | Reached skill level 14 in Short Blades
 19824 | D:12     | Reached skill level 1 in Translocations
 19909 | D:12     | Reached skill level 2 in Translocations
 19916 | D:12     | Reached skill level 3 in Translocations
 20060 | D:12     | Reached skill level 4 in Translocations
 20118 | D:12     | Noticed a four-headed hydra
 20150 | D:12     | Reached skill level 5 in Translocations
 20231 | D:12     | Reached skill level 6 in Translocations
 20419 | D:12     | Reached skill level 7 in Translocations
 20464 | D:12     | Killed a four-headed hydra
 20465 | D:12     | Reached skill level 8 in Translocations
 20570 | D:12     | Found a shadowy altar of Dithmenos.
 20571 | D:12     | Noticed Maurice
 20590 | D:12     | Killed Maurice
 20815 | D:12     | Reached skill level 9 in Translocations
 21137 | Lair:3   | Noticed a five-headed hydra
 21435 | Lair:3   | Killed a five-headed hydra
 21539 | Lair:3   | Reached skill level 10 in Translocations
 21628 | Lair:3   | Noticed a boulder beetle
 21646 | Lair:3   | Reached XP level 13. HP: 48/55 MP: 26/29
 21956 | Lair:3   | Reached skill level 11 in Translocations
 22337 | Lair:3   | Reached skill level 12 in Translocations
 22847 | Lair:4   | Found a runed translucent gate.
 22848 | Lair:4   | Found a runed translucent gate.
 22848 | Lair:4   | Found a runed translucent gate.
 22959 | Lair:4   | Reached skill level 13 in Translocations
 23141 | Lair:4   | Reached skill level 3 in Dodging
 23223 | Lair:4   | Reached skill level 5 in Stealth
 23346 | Lair:4   | Reached skill level 4 in Dodging
 23539 | Lair:3   | Reached skill level 6 in Stealth
 23655 | Lair:4   | Reached skill level 5 in Dodging
 23694 | Lair:4   | Reached skill level 7 in Stealth
 23935 | Lair:4   | Reached skill level 6 in Dodging
 23962 | Lair:4   | Found a blossoming altar of Fedhas.
 24063 | Lair:4   | Reached skill level 8 in Stealth
 24091 | Lair:4   | Found a staircase to the Swamp.
 24597 | Lair:4   | Reached skill level 7 in Dodging
 24754 | Lair:4   | Reached skill level 9 in Stealth
 25104 | Lair:4   | Reached skill level 8 in Dodging
 25230 | Lair:5   | Reached skill level 10 in Stealth
 25506 | Lair:5   | Reached skill level 9 in Dodging
 25796 | Lair:5   | Reached XP level 14. HP: 59/59 MP: 19/30
 25956 | Lair:5   | Reached skill level 10 in Dodging
 26953 | Lair:5   | Reached skill level 11 in Dodging
 27631 | Lair:5   | Upgraded the game from 0.27-a0-406-g23f261fbd2 to
                  | 0.27-a0-412-g8dd771eca2
 27632 | Lair:6   | Entered Level 6 of the Lair of Beasts
 27696 | Lair:6   | Learned a level 2 spell: Swiftness
 27829 | Lair:6   | Reached skill level 12 in Dodging
 28520 | Lair:6   | Found a staircase to the Slime Pits.
 28526 | Lair:6   | Reached skill level 13 in Dodging
 28526 | Lair:6   | Found a viscous altar of Jiyva.
 29098 | Lair:6   | Reached skill level 14 in Dodging
 29665 | Lair:6   | Drowned by a drowned soul

Illustrated notes

Levels and vault maps discovered:
D:1:      dpeg_arrival_tiny_j, layout_loops_ring, minmay_misc_feat_chi,
          chequers_avenue
D:2:      layout_loops_corners, serial_aquarium, aquarium_bridge_square
          [aquarium_subvault_balcony, aquarium_subvault_bridge,
          aquarium_subvault_window, aquarium_subvault_window],
          aquarium_window_3, aquarium_window_2, aquarium_window_fake,
          aquarium_window_fake, aquarium_view_2d, aquarium_view_2g,
          aquarium_balcony_3b, mrwooster_statue_mirror, eino_tiny_chamber
D:3:      layout_basic, nicolae_overflow_crystal_walls
D:4:      layout_loops_ring, old_standard_altar, minmay_shop_damaged,
          minmay_misc_feat_alley
D:5:      layout_loops_ring, serial_shops, nicolae_shop_waterfront,
          kennysheep_okawaru_gauntlet
D:6:      layout_cave_pools, kb_lookout_dungeons_type, kennysheep_donut,
          uniq_menkaure, uniq_maggie
D:7:      layout_basic, minmay_temple_entry_mist
D:8:      layout_loops_ring, fedhas_bush_and_centaur_altar,
          overflow_temple_1_default, gammafunk_ghost_spectres, minivault_23,
          minmay_the_grid_2x2 [minmay_the_grid_spikes, minmay_the_grid_plusring,
          minmay_the_grid_medium_cups, minmay_the_grid_prize_diamond_cup]
D:9:      layout_rooms, uniq_joseph
D:10:     layout_basic, erik_lair_island, uniq_harold
D:11:     layout_stronghold, minmay_statues_item, serial_bayou_lagoon_a
D:12:     minmay_four_partial_circles, layout_cave_pools,
          minmay_orc_entry_guard_dogs, serial_column_ruins,
          column_ruins_temple_hall, column_ruins_square_medium,
          column_ruins_open_tiny, column_ruins_grid_1,
          column_ruins_columns_dead_end, serial_shops, kennysheep_little_box,
          uniq_maurice
D:13:     layout_small_grid, david_vaults_5, serial_undead, serial_undead_c,
          serial_undead_f, serial_undead_b, serial_undead_e,
          cheibriados_altar_1, uniq_urug
Temple:   regret_index_temple_mists
Lair:1:   layout_small_grid, chequers_serial_rivers_large_b,
          chequers_serial_rivers_micro_b, st_stairs_7, grunt_megastairs_5,
          lemuel_fruit_fields, serial_bayou_shore_b, infiniplex_staircase_pool_2
Lair:2:   layout_roguey [special_room_bee], spider_nest_entry_a, uniq_fannar
Lair:3:   layout_regular_city, worms_lemuel, lemuel_fruit_tree,
          grunt_megastairs_4
Lair:4:   layout_regular_city, minmay_swamp_entry_swarm, gammafunk_ghost_ooze,
          serial_bayou_pond_a, lemuel_centaur_altar
Lair:5:   layout_cave_pods, enter_volcano_3, serial_bayou_lake_a,
          grunt_megastairs_3, infiniplex_staircase_pool, serial_bayou_shore_a
Lair:6:   gammafunk_lair_ancient_temple, layout_big_grid, slime_altar_1

Skill      XL: |  1  2  3  4  5  6  7  8  9 10 11 12 13 14 |
---------------+-------------------------------------------+-----
Spellcasting   | 3 4 5 6 8 10 11 | 11.5
Hexes          | 4 5 6 7 8 10 11 | 11.8
Short Blades   | 4 8 11 14 | 14.0
Shields        | 2 5 7 |  7.2
Translocations | 10 13 | 13.0
Dodging        | 9 14 | 14.6
Stealth        | 10 | 10.0

Action                   |  1- 3 |  4- 6 |  7- 9 | 10-12 | 13-15 || total
-------------------------+-------+-------+-------+-------+-------++-------
Melee: Dagger            |   123 |    87 |   204 |       |     9 ||   423
       Rapier            |       |       |    40 |   707 |   942 ||  1689
 Fire: Hunting sling     |       |    34 |    21 |    36 |       ||    91
Throw: Throwing net      |       |     1 |       |       |       ||     1
       Dart              |       |       |       |     4 |     3 ||     7
 Cast: Corona            |     6 |       |       |       |       ||     6
       Ensorcelled Hiber |    11 |    37 |    28 |   103 |   139 ||   318
       Confusing Touch   |       |     2 |    18 |    33 |    46 ||    99
       Tukima's Dance    |       |       |    27 |    31 |       ||    58
       Manifold Assault  |       |       |       |     7 |    37 ||    44
       Blink             |       |       |       |       |     1 ||     1
Invok: Call Merchant     |       |       |     1 |     1 |       ||     2
Evoke: Condenser vane    |       |       |       |       |     2 ||     2
  Use: Scroll            |       |    14 |     8 |    10 |     8 ||    40
       Potion            |       |     1 |     2 |     1 |     2 ||     6
 Stab: Sleeping          |    16 |    37 |    13 |    65 |    61 ||   192
       Confused          |       |     1 |    11 |    30 |    56 ||    98
       Distracted        |       |       |     1 |     4 |     3 ||     8
       Petrified         |       |       |       |       |     3 ||     3
Armor: Robe              |     5 |     3 |    32 |       |       ||    40
       Acid dragon scale |       |       |    20 |   112 |   116 ||   248
Dodge: Dodged            |    78 |    59 |   175 |   357 |   520 ||  1189
Block: Buckler           |       |       |     6 |   189 |   180 ||   375

Table legend: (Time is in decaauts)
 A = Elapsed time spent in this place.
 B = Non-inter-level travel time spent in this place.
 C = Inter-level travel time spent in this place.
 D = Time resting spent in this place.
 E = Time spent auto-exploring this place.
 F = Levels seen in this place.
 G = Mean time per level.
                   A        B        C        D        E       F      G
               +--------+--------+--------+--------+--------+-----+--------+
         Total |  23155 |  22279 |    876 |   4794 |  11442 |  20 | 1157.8 |
       Dungeon |  13736 |  13114 |    622 |   2759 |   6772 |  13 | 1056.6 |
        Temple |    160 |    129 |     31 |      0 |    126 |   1 |  160.0 |
          Lair |   9258 |   9036 |    222 |   2034 |   4544 |   6 | 1543.0 |
               +--------+--------+--------+--------+--------+-----+--------+

Top non-repeatable levels by time:
    D:11: 1938 daAuts
  Lair:4: 1883 daAuts
  Lair:5: 1871 daAuts
  Lair:2: 1602 daAuts
     D:5: 1584 daAuts
  Lair:3: 1486 daAuts
     D:3: 1415 daAuts
     D:8: 1382 daAuts
  Lair:6: 1314 daAuts
    D:10: 1292 daAuts
     D:7: 1254 daAuts
     D:2: 1240 daAuts
  Lair:1: 1100 daAuts
    D:12: 1058 daAuts
     D:1: 1032 daAuts
